 Dungeon Crawl Stone Soup version 0.30.1-11-g7821555f0a (webtiles) character file.

Game seed: 10042594885501830050

1479 Peloso the Carver (level 8, -3/71 HPs)
             Began as a Minotaur Fighter on Dec 17, 2023.
             Shot with an arrow by a centaur warrior (18 damage)
             ... on level 8 of the Dungeon.
             The game lasted 00:10:24 (5011 turns).

Peloso the Carver (Minotaur Fighter)                Turns: 5011, Time: 00:10:25

Health: -3/71      AC: 16    Str: 20    XL:     8   Next: 50%
Magic:  7/7        EV:  6    Int:  5    God:
Gold:   386        SH:  5    Dex: 13    Spells: 7/7 levels left

rFire   + . .        a - +1 long sword
rCold   . . .        d - +0 buckler
rNeg    . . .        u - +0 plate armour
rPois   .            (helmet restricted)
rElec   .            v - +0 cloak
rCorr   +            c - +0 pair of gloves
SInv    .            (no boots)
Will    .....        n - amulet of regeneration Stlth
                     f - ring of protection from fire
HPRegen 1.11/turn    j - ring of resist corrosion
MPRegen 0.10/turn

%: no passive effects
@: invisible
A: horns 2, retaliatory headbutt
a: no special abilities


You were on level 8 of the Dungeon.
You visited 1 branch of the dungeon, and saw 8 of its levels.
You also visited: Sewer.

You collected 386 gold pieces.

Inventory:

Hand Weapons
 a - a +1 long sword (weapon)
Armour
 b - a +0 scale mail
 c - a +0 pair of gloves (worn)
 d - a +0 buckler (worn)
 u - a +0 plate armour (worn)
 v - a +0 cloak (worn)
Jewellery
 f - a ring of protection from fire (left hand)
 j - a ring of resist corrosion (right hand)
 n - an amulet of regeneration (around neck)
 s - a +6 ring of dexterity
Wands
 y - a wand of paralysis (7)
Scrolls
 e - a scroll of fog
 g - 2 scrolls of immolation {unknown}
 p - 3 scrolls of enchant weapon
 q - 2 scrolls of identify
 w - a scroll of teleportation
Potions
 h - a potion of might
 i - a potion of brilliance
 k - 2 potions of mutation {unknown}
 l - a potion of magic
 m - 4 potions of invisibility
 o - a potion of berserk rage {unknown}
 r - 4 potions of flight
 t - 2 potions of curing
 x - a potion of heal wounds {unknown}
 z - a potion of haste {unknown}


   Skills:
 + Level 6.4 Fighting
 + Level 8.5 Long Blades
 + Level 7.9 Armour
 + Level 1.5 Dodging
 + Level 0.4 Stealth
 + Level 4.9 Shields


You had 7 spell levels left.
You didn't know any spells.
Your spell library contained the following spells:

 Spells                   Type           Power      Damage    Failure   Level
 Beastly Appendage        Tmut           0%         N/A       100%        1
 Wereblood                Tmut           0%         N/A       100%        2
 Spider Form              Tmut/Pois      0%         N/A       100%        3


Dungeon Overview and Level Annotations

Branches:
Dungeon (8/15)             Temple (0/1) D:7           Sewer (visited)
   Lair: D:8-11

Altars:
Elyvilon
Hepliaklqana
Kikubaaqudgha
Yredelemnul
The Shining One

Shops:
D:6 *


Innate Abilities, Weirdness & Mutations

You have a pair of horns on your head.
You reflexively headbutt those who attack you in melee.


Message History

The gnoll is no longer moving quickly.
The gnoll hits you with a +0 club.
* * * LOW HITPOINT WARNING * * *
An orc comes into view. It is wielding a +0 club.
An orc comes into view. It is wielding a +0 flail.
Unknown command.
You slash the gnoll! You headbutt the gnoll.
You kill the gnoll!
The orc shouts!
You block the howler monkey's attack.
Unknown command.
You slash the orc!
You kill the orc!
An orc comes into view. It is wielding a +0 hand axe.
Unknown command.
The orc shouts!
You hit the howler monkey.
The howler monkey is moderately wounded.
You hear a shout!
The howler monkey hits you.
* * * LOW HITPOINT WARNING * * *
The howler monkey hoots and howls with incredible vigour!
An orc wizard comes into view. It is wielding a +0 dagger.
You hear a croak.
You hear a shout! x2; You hear an angry hiss.
You slash the howler monkey! You headbutt the howler monkey!
You kill the howler monkey!
The orc wizard shouts!
Things that are here:
a +0 falchion; a +0 club; a gnoll corpse You see here 3 gold pieces.
A centaur warrior comes into view.
The centaur warrior shouts!
The centaur warrior wields a +0 shortbow.
The centaur warrior shoots an arrow.
The arrow hits you!!
* * * LOW HITPOINT WARNING * * *
You hear a loud, deep croak!
Unknown command.
You feel better.
You hear a shout!
The centaur warrior shoots an arrow.
The arrow hits you!!
You die...

#......)<......#
#...............
#...............
#..o.o........o.
#...............
##.o............
#...............
#....######.....
#..@.# .. #....#
#....# #......
#......c
#.###..## #. ..#
.. ..#


You could see a centaur warrior (unable to see you) and 3 orcs.

Vanquished Creatures
  A water moccasin (D:5)
  2 ice beasts (D:5)
  2 black bears
  2 ogres (D:5)
  2 kobold brigands (Sewer)
  A bullfrog (D:6)
  A howler monkey (D:8)
  A hound (D:5)
  A jelly (D:6)
  An orc priest (D:5)
  Crazy Yiuf (D:6)
  8 iguanas
  2 orc wizards (D:5)
  A gnoll (D:8)
  4 adders
  3 river rats (D:4)
  A shadow imp (D:5)
  4 worms
  A dart slug (D:4)
  20 orcs
  5 endoplasms
  17 giant cockroaches
  10 goblins
  8 hobgoblins
  4 quokkas
  4 ball pythons
  4 bats
  A frilled lizard (D:2)
  12 kobolds
  6 rats
130 creatures vanquished.

Notes
Turn   | Place    | Note
-------+----------+-------------------------------------------
     0 | D:1      | Peloso the Minotaur Fighter began the quest for the Orb.
     0 | D:1      | Reached XP level 1. HP: 19/19 MP: 0/0
    90 | D:1      | You fall into a shaft and drop 1 floor!
   122 | D:2      | Reached XP level 2. HP: 22/27 MP: 1/1
   158 | D:2      | Reached skill level 3 in Long Blades
   346 | D:2      | Found a faded altar of an unknown god.
   363 | D:2      | Reached XP level 3. HP: 28/33 MP: 2/2
  1829 | D:3      | Reached XP level 4. HP: 40/40 MP: 3/3
  1919 | D:3      | Reached skill level 1 in Dodging
  2179 | D:3      | Reached skill level 4 in Long Blades
  2362 | D:4      | Identified the +8 dagger of the Eleven Xenophobes {drain,
                  | +Blink SInv}
  2434 | D:4      | Found a white marble altar of Elyvilon.
  2434 | D:4      | Identified the +5 mace of Qazlal's Indignation {drain, rC+
                  | rN+ SInv}
  2473 | D:4      | Reached XP level 5. HP: 37/46 MP: 4/4
  2537 | D:4      | Noticed a black bear
  2552 | D:4      | Killed a black bear
  2553 | D:4      | Reached skill level 5 in Long Blades
  2553 | D:4      | Reached skill level 5 in Armour
  2553 | D:4      | Reached XP level 6. HP: 38/53 MP: 5/5
  2748 | D:4      | Found a glowing drain.
  2752 | Sewer    | Entered a sewer
  2851 | Sewer    | Reached skill level 5 in Fighting
  2855 | Sewer    | Reached skill level 6 in Long Blades
  2878 | Sewer    | Found a white marble altar of Elyvilon.
  3388 | D:5      | Entered Level 5 of the Dungeon
  3407 | D:5      | Reached XP level 7. HP: 58/61 MP: 6/6
  3457 | D:5      | Identified the +1 leather armour of Sasi {rC+ rCorr Str+2
                  | Int-5}
  3581 | D:5      | Reached skill level 7 in Long Blades
  3723 | D:5      | Found a basalt altar of Yredelemnul.
  3725 | D:5      | Noticed a profane servitor
  4127 | D:5      | Reached XP level 8. HP: 70/70 MP: 7/7
  4224 | D:5      | Reached skill level 8 in Long Blades
  4347 | D:5      | Found a glowing golden altar of the Shining One.
  4350 | D:5      | Noticed an angel
  4416 | D:6      | Found Zakek's General Store.
  4445 | D:6      | Found a hazy altar of Hepliaklqana.
  4533 | D:6      | Found an ancient bone altar of Kikubaaqudgha.
  4695 | D:6      | Found a runed translucent door.
  4696 | D:6      | Noticed Crazy Yiuf
  4882 | D:6      | Killed Crazy Yiuf
  4969 | D:7      | Found a staircase to the Ecumenical Temple.
  5009 | D:8      | Noticed a centaur warrior
  5011 | D:8      | Shot with an arrow by a centaur warrior

Illustrated notes

Levels and vault maps discovered:
D:1:      roderic_crop_circles_arrival_small, layout_basic
D:2:      minmay_roachtagon, layout_basic, ebering_ecumenical_altar_petrified,
          minmay_strange_pillars
D:3:      wander_river, layout_loops_ring, st_stairs_2
D:4:      layout_loops_ring, elyvilon_altar_4, gup_sewer_entry_spiral
D:5:      layout_gridville, grunt_temple_overflow_holy_war
D:6:      layout_rooms, mainiacjoe_overflow_chevrons,
          mainiacjoe_overflow_concentric_impassable, serial_shops, shop,
          uniq_crazy_yiuf_cottage
D:7:      cheibrodos_helix_gallery, layout_basic, minmay_temple_entry_glass,
          chequers_hall_statues_wall_a
D:8:      layout_rooms, makhleb_blood_cavern_becter, enter_bailey_4,
          hellmonk_ghost_happy_afterlife

Skill      XL: |  1  2  3  4  5  6  7  8 |
---------------+-------------------------+-----
Armour         | 4 5 6 7 |  7.9
Long Blades    | 3 4 5 6 7 8 |  8.5
Fighting       | 4 5 6 |  6.4
Dodging        | 1 |  1.5
Shields        | 4 |  4.9
Stealth        | |  0.4

Action                     |  1- 3 |  4- 6 |  7- 9 || total
---------------------------+-------+-------+-------++-------
  Melee: Long sword        |   148 |   171 |   121 ||   440
         Headbutt          |    16 |    34 |    21 ||    71
    Use: Potion            |     4 |       |     5 ||     9
         Scroll            |       |     9 |       ||     9
 Armour: Scale mail        |   106 |     3 |       ||   109
         Plate armour      |       |   135 |    81 ||   216
  Dodge: Dodged            |    80 |    47 |    42 ||   169
  Block: Buckler           |    30 |    38 |    38 ||   106
